 Dungeon Crawl Stone Soup version 0.23.2-33-g5129a83184 (webtiles) character file.

Game seed: 6004214933144144353

11647 Exodus22XD the Cleaver (level 11, -13/145 HPs)
             Began as a Minotaur Berserker on July 1, 2019.
             Was a High Priest of Trog.
             Mangled by a large slime creature (37 damage)
             ... on level 10 of the Dungeon.
             The game lasted 00:31:03 (11985 turns).

Exodus22XD the Cleaver (Minotaur Berserker)        Turns: 11985, Time: 00:31:04

Health: -13/145    AC: 13    Str: 30    XL:     11   Next: 52%
Magic:  10/10      EV: 12    Int:  4    God:    Trog [*****.]
Gold:   631        SH:  8    Dex: 10    Spells: 10/10 levels left

rFire    . . .     SeeInvis .   D - +0 war axe
rCold    + . .     Gourm    .   j - +0 buckler
rNeg     . . .     Faith    .   z - +0 chain mail
rPois    .         Spirit   .   (helmet restricted)
rElec    .         Reflect  +   e - scarf {repulsion}
rCorr    .         Harm     .   r - +0 pair of gloves
MR       +....                  (no boots)
Stlth    ..........             A - +3 amulet of reflection
HPRegen  0.34/turn              w - ring of protection from magic
MPRegen  0.12/turn              B - ring of protection from cold

@: berserking, repel missiles, very quick
A: retaliatory headbutt, horns 2
a: Berserk, Trog's Hand, Brothers in Arms, Renounce Religion


You were on level 10 of the Dungeon.
You worshipped Trog.
Trog was extremely pleased with you.
You were not hungry.

You visited 1 branch of the dungeon, and saw 10 of its levels.

You collected 631 gold pieces.

Inventory:

Hand Weapons
 b - a +0 hand axe of freezing
 D - a +0 war axe (weapon)
Armour
 e - a scarf of repulsion (worn)
 j - a +0 buckler (worn)
 r - a +0 pair of gloves (worn)
 z - a +0 chain mail (worn)
Jewellery
 k - an uncursed ring of resist corrosion
 w - a ring of protection from magic (left hand)
 A - a +3 amulet of reflection (around neck)
 B - a ring of protection from cold (right hand)
Wands
 i - a wand of digging (5)
 F - a wand of flame (12)
Scrolls
 d - 3 scrolls of enchant armour
 f - 4 scrolls of magic mapping
 g - 4 scrolls of remove curse
 h - a scroll of silence {unknown}
 m - 2 scrolls of random uselessness {unknown}
 p - 3 scrolls of fear
 t - a scroll of enchant weapon {unknown}
 u - 2 scrolls of teleportation {unknown}
 v - a scroll of immolation {unknown}
 y - a scroll of summoning {unknown}
 C - a scroll of fog {unknown}
Potions
 a - a potion of cancellation {unknown}
 l - a potion of heal wounds
 n - a potion of haste {unknown}
 o - 2 potions of brilliance {unknown}
 q - a potion of berserk rage
 s - 2 potions of lignification
 x - a potion of magic {unknown}
 G - a potion of flight {unknown}
Comestibles
 c - 8 rations
 E - 2 chunks of flesh


   Skills:
 + Level 9.4 Fighting
 + Level 13.3 Axes
 + Level 11.9 Armour
 + Level 6.5 Dodging
 - Level 1.1 Stealth
 * Level 6.6 Shields


You had 10 spell levels left.
You didn't know any spells.
Your spell library was empty.

Dungeon Overview and Level Annotations

Branches:
Dungeon (10/15)            Temple (0/1) D:5
   Lair: D:8-11         Orc: D:9-12

Altars:
Ashenzari
Cheibriados
Elyvilon
Hepliaklqana
Uskayaw
Vehumet
Wu Jian
Xom
Yredelemnul
Zin
The Shining One

Shops:
D:7 [


Innate Abilities, Weirdness & Mutations

You reflexively headbutt those who attack you in melee.
You have a pair of horns on your head.


Message History

You slash the large slime creature! The large slime creature hits you.
* * * LOW HITPOINT WARNING * * *
You block the large slime creature's attack.
You hit the large slime creature. You headbutt the large slime creature!
The large slime creature is severely wounded.
You barely miss the large slime creature.
You hit the large slime creature. You headbutt the large slime creature!
The large slime creature is severely wounded.
You hit the large slime creature.
You block the large slime creature's attack. x2
You completely miss the large slime creature.
You headbutt the large slime creature!
The large slime creature is almost dead.
You slice the large slime creature!!
The large slime creature barely misses you.
You barely miss the large slime creature.
You headbutt the large slime creature!
The large slime creature is almost dead.
You slice the large slime creature!! The large slime creature hits you!!!
You die...

#..........
#..........
###..........
............
#.......... .
#.......... #.
##........ # #.#
#JJ##.####
..#..#######@###.#
:.............)#.#
............:....#
.................#
.......<.........#
.................#
.................#
.................#
.................#


You could see 2 large slime creatures.

Vanquished Creatures
  3 two-headed ogres
  5 skeletal warriors
  Pikel (D:7)
  Maurice (D:10)
  Joseph (D:8)
  2 slime creatures (D:10)
  2 hornets
  A hippogriff (D:8)
  Menkaure (D:6)
  2 water moccasins
  3 ice beasts
  2 sky beasts
  An orc warrior (D:6)
  A phantom (D:6)
  3 centaurs
  5 ogres
  A crocodile (D:8)
  An elf zombie (D:8)
  8 bullfrogs
  A gnoll sergeant (D:8)
  An elf skeleton (D:8)
  A water moccasin zombie (D:9)
  2 scorpions
  10 killer bees
  A howler monkey (D:6)
  3 electric eels (D:6)
  3 crimson imps
  4 centaur zombies
  A bullfrog zombie (D:7)
  2 bullfrog skeletons
  A jelly (D:8)
  8 orc wizards
  6 hounds
  8 orc priests
  A human skeleton (D:8)
  Terence (D:2)
  An iguana (D:5)
  8 worker ants
  A hound skeleton (D:7)
  3 worker ant zombies
  7 gnolls
  A howler monkey skeleton (D:6)
  11 adders
  A shadow imp (D:5)
  2 oozes
  An adder skeleton (D:9)
  A worm (D:2)
  3 dart slugs
  A leopard gecko (D:2)
  45 orcs
  13 bats
  9 giant cockroaches
  9 goblins
  7 hobgoblins
  4 jackals (D:6)
  3 kobolds
  5 quokkas
  2 ball pythons
  2 frilled lizards
  A jackal skeleton (D:7)
  2 orc skeletons (D:8)
  7 rats
248 creatures vanquished.

Vanquished Creatures (others)
  A slave (D:7)
  A centaur (D:7)
  A giant cockroach (D:7)
  A quokka (D:7)
4 creatures vanquished.

Grand Total: 252 creatures vanquished

Notes
Turn   | Place    | Note
-------+----------+-------------------------------------------
     0 | D:1      | Exodus22XD the Minotaur Berserker began the quest for the
                  | Orb.
     0 | D:1      | Reached XP level 1. HP: 19/19 MP: 0/0
   359 | D:1      | Reached skill level 4 in Axes
   359 | D:1      | Reached XP level 2. HP: 22/27 MP: 1/1
  1113 | D:2      | Reached XP level 3. HP: 33/33 MP: 2/2
  1117 | D:2      | Reached ** piety under Trog
  1314 | D:2      | Noticed Terence
  1322 | D:2      | Killed Terence
  1322 | D:2      | Reached skill level 5 in Axes
  1322 | D:2      | Reached XP level 4. HP: 36/40 MP: 3/3
  2098 | D:3      | Found a white marble altar of Elyvilon.
  2174 | D:3      | Found a snail-covered altar of Cheibriados.
  2333 | D:3      | Found a basalt altar of Yredelemnul.
  2622 | D:4      | Reached XP level 5. HP: 46/47 MP: 4/4
  2907 | D:4      | Reached *** piety under Trog
  2996 | D:4      | Noticed an ogre
  3004 | D:4      | Killed an ogre
  3004 | D:4      | Reached skill level 6 in Axes
  3004 | D:4      | Reached XP level 6. HP: 47/53 MP: 5/5
  3131 | D:4      | Reached skill level 5 in Fighting
  3487 | D:4      | Reached skill level 5 in Armour
  3692 | D:4      | Reached XP level 7. HP: 61/61 MP: 6/6
  4137 | D:5      | Entered Level 5 of the Dungeon
  4190 | D:5      | Reached skill level 7 in Axes
  4627 | D:5      | Found a staircase to the Ecumenical Temple.
  5290 | D:5      | Reached skill level 8 in Axes
  5330 | D:5      | Reached XP level 8. HP: 54/69 MP: 7/7
  6508 | D:6      | Reached skill level 9 in Axes
  6657 | D:6      | Reached **** piety under Trog
  6663 | D:6      | Reached skill level 5 in Dodging
  6709 | D:6      | Reached skill level 1 in Stealth
  7221 | D:6      | Noticed a hornet
  7223 | D:6      | Paralysed by a hornet for 1 turns
  7225 | D:6      | Killed a hornet
  7225 | D:6      | Reached XP level 9. HP: 58/75 MP: 8/8
  7448 | D:6      | Noticed Menkaure
  7456 | D:6      | Killed Menkaure
  7457 | D:6      | Reached skill level 10 in Axes
  7933 | D:7      | Noticed Pikel
  7944 | D:7      | Killed Pikel
  8053 | D:7      | Found Yladweun's Armour Boutique.
  8318 | D:7      | Reached skill level 1 in Shields
  8350 | D:7      | Found a hazy altar of Hepliaklqana.
  8350 | D:7      | Found an ornate altar of the Wu Jian Council.
  8352 | D:7      | Found a glowing silver altar of Zin.
  8352 | D:7      | Found a hide-covered altar of Uskayaw.
  8371 | D:7      | Reached skill level 11 in Axes
  8415 | D:7      | Reached ***** piety under Trog
  8473 | D:7      | Found a shimmering altar of Xom.
  8692 | D:8      | Reached XP level 10. HP: 86/86 MP: 9/9
  8931 | D:8      | Noticed Joseph
  8939 | D:8      | Killed Joseph
  8939 | D:8      | Reached skill level 10 in Armour
  8942 | D:8      | Noticed a skeletal warrior
  8943 | D:8      | Noticed a two-headed ogre
  8944 | D:8      | Noticed a skeletal warrior
  8945 | D:8      | Noticed a skeletal warrior
  8947 | D:8      | Noticed a skeletal warrior
  8951 | D:8      | Noticed a skeletal warrior
  9295 | D:7      | Killed a skeletal warrior
  9508 | D:7      | Killed a skeletal warrior
  9508 | D:7      | Reached skill level 12 in Axes
  9517 | D:7      | HP: 5/132 [skeletal warrior/+0 war axe[a skeletal warrior]
                  | (15)]
  9518 | D:7      | Killed a skeletal warrior
  9950 | D:8      | Killed a two-headed ogre
  9983 | D:8      | Found a radiant altar of Vehumet.
  9984 | D:8      | Found a glowing golden altar of the Shining One.
  9989 | D:8      | Found a shattered altar of Ashenzari.
 10018 | D:8      | Noticed a two-headed ogre
 10025 | D:8      | Killed a two-headed ogre
 10025 | D:8      | Reached skill level 5 in Shields
 10192 | D:8      | Killed a skeletal warrior
 10192 | D:8      | Reached XP level 11. HP: 53/95 MP: 10/10
 10900 | D:8      | Killed a skeletal warrior
 10998 | D:9      | Received a gift from Trog
 11064 | D:9      | Noticed a two-headed ogre
 11072 | D:9      | Killed a two-headed ogre
 11077 | D:9      | Reached skill level 13 in Axes
 11814 | D:10     | Entered Level 10 of the Dungeon
 11842 | D:10     | Noticed Maurice
 11857 | D:10     | Killed Maurice
 11985 | D:10     | Mangled by a large slime creature

Skill      XL: |  1  2  3  4  5  6  7  8  9 10 11 |
---------------+----------------------------------+-----
Axes           | 4 5 6 8 9 11 12 13 | 13.3
Fighting       | 4 5 6 7 8 9 |  9.4
Armour         | 3 4 5 6 8 9 11 | 11.9
Dodging        | 3 4 5 6 |  6.5
Stealth        | 1 |  1.1
Shields        | 2 5 6 |  6.6

Action                   |  1- 3 |  4- 6 |  7- 9 | 10-12 || total
-------------------------+-------+-------+-------+-------++-------
Melee: Hand axe          |    93 |    97 |   336 |   190 ||   716
       Headbutt          |    14 |    20 |    62 |    78 ||   174
       War axe           |       |       |       |   120 ||   120
Invok: Berserk           |     1 |     2 |     8 |    10 ||    21
       Trog's Hand       |       |       |       |     1 ||     1
  Use: Scroll            |       |       |     9 |     3 ||    12
  Eat: Chunk             |     1 |    10 |    16 |     5 ||    32
       Ration            |       |       |     2 |     5 ||     7
Armor: Leather armour    |    23 |     2 |       |       ||    25
       Animal skin       |     2 |       |       |       ||     2
       Scale mail        |       |    18 |    46 |       ||    64
       Chain mail        |       |       |    81 |    90 ||   171
Dodge: Dodged            |    76 |    65 |   148 |   103 ||   392
       Deflected         |       |     2 |     4 |     4 ||    10
Block: Buckler           |       |       |     8 |    68 ||    76
       Reflection        |       |       |       |     3 ||     3
